 Dungeon Crawl Stone Soup version 0.30.1-6-gbe392663c4 (webtiles) character file.

Game seed: 10328456220044967872

6936 H0rd4k the Slicer (level 11, -1/86 HPs)
             Began as a Human Artificer on Sept 19, 2023.
             Was an Initiate of Gozag.
             Slain by a lorocyproca (33 damage)
             ... on level 3 of the Abyss on Sept 20, 2023.
             The game lasted 00:15:48 (10870 turns).

H0rd4k the Slicer (Human Artificer)                Turns: 10870, Time: 00:15:48

Health: -1/86      AC: 13    Str: 22    XL:     11   Next: 27%
Magic:  0/17       EV: 13    Int: 16    God:    Gozag
Gold:   800        SH:  0    Dex: 10    Spells: 19/19 levels left

rFire   + + .        u - +8 dagger of Blood-Lust {flame, rF+ Str+3}
rCold   . . .        (no shield)
rNeg    . . .        R - +3 ring mail of Rihen {+Blink rPois Stlth-}
rPois   +            s - +1 helmet
rElec   .            B - +0 cloak
rCorr   .            Q - +1 pair of gloves of the Hippo {+Blink +Inv Regen+ Dex-3}
SInv    .            (no boots)
Will    .....        I - amulet of the acrobat Stlth
                     l - +6 ring of strength
HPRegen 1.14/turn    D - ring of protection from fire
MPRegen 0.15/turn

%: acrobat
@: attractive
A: no striking features
a: Renounce Religion, Evoke Blink, Evoke Invisibility, Potion Petition, Call
Merchant, Bribe Branch


You were on level 3 of the Abyss.
You worshipped Gozag.
Gozag was pleased with you.
You visited 2 branches of the dungeon, and saw 11 of its levels.
You visited the Abyss 1 time.

You collected 916 gold pieces.
You paid 116 gold pieces to Gozag.

Inventory:

Hand Weapons
 u - the +8 dagger of Blood-Lust (weapon) {flame, rF+ Str+3}
   (You found it on level 3 of the Dungeon)

   Str:       It affects your strength (+3).
   rF:        It protects you from fire.
 v - a +0 short sword of venom
 H - a +1 dagger of holy wrath
 O - a +3 short sword
Missiles
 k - 17 poisoned darts
 L - a throwing net
 P - 4 atropa-tipped darts
Armour
 n - a +0 leather armour of willpower
 s - a +1 helmet (worn)
 B - a +0 cloak (worn)
 Q - the +1 pair of gloves of the Hippo (worn) {+Blink +Inv Regen+ Dex-3}
   (You found it on level 8 of the Dungeon)

   Dex:       It affects your dexterity (-3).
   +Inv:      It lets you turn invisible.
   +Blink:    It lets you blink.
   Regen:     It increases your rate of health regeneration.
 R - the +3 ring mail of Rihen (worn) {+Blink rPois Stlth-}
   (You found it on level 9 of the Dungeon)

   rPois:     It protects you from poison.
   +Blink:    It lets you blink.
   Stlth:     It makes you less stealthy.
Magical Staves
 b - the staff of air "Tutell" {rElec Str+4 Int+3}
   (You acquired it on level 9 of the Dungeon)

   [staff of air]

   Base accuracy: +5 Base damage: 5 Base attack delay: 1.2 This weapon's minimum
   attack delay (0.6) is reached at skill level 12.
   Str:       It affects your strength (+4).
   Int:       It affects your intelligence (+3).
   rElec:     It insulates you from electricity.
   It falls into the 'Staves' category.
   It is a one-handed weapon.
Jewellery
 l - a +6 ring of strength (left hand)
 D - a ring of protection from fire (right hand)
 I - an amulet of the acrobat (around neck)
 J - a ring of protection from cold
 K - a ring of ice
Wands
 c - a wand of flame (14) (quivered)
 d - a wand of charming (7)
 e - a wand of iceblast (3)
 x - a wand of quicksilver (6)
 E - a wand of paralysis (20)
 S - a wand of roots (5)
Scrolls
 a - a scroll of torment {unknown}
 i - 2 scrolls of fog
 j - 2 scrolls of amnesia {unknown}
 m - 4 scrolls of noise {unknown}
 o - 5 scrolls of teleportation
 p - 2 scrolls of magic mapping {unknown}
 q - a scroll of silence
 r - a scroll of poison
 w - 2 scrolls of enchant weapon
 y - 2 scrolls of enchant armour {unknown}
 C - a scroll of fear {unknown}
 T - a scroll of blinking {unknown}
Potions
 f - a potion of mutation {unknown}
 h - a potion of cancellation {unknown}
 t - a potion of degeneration {unknown}
 z - a potion of curing {unknown}
 A - 3 potions of heal wounds
 F - 5 potions of magic
 M - 2 potions of might {unknown}
 N - 2 potions of resistance {unknown}
 U - 3 potions of flight {unknown}


   Skills:
 + Level 7.8 Fighting
 + Level 9.7 Short Blades
 - Level 1.7 Maces & Flails
 - Level 2.0 Armour
 + Level 8.1 Dodging
 + Level 2.5 Stealth
 * Level 4.5 Spellcasting
 + Level 5.5 Evocations


You had 19 spell levels left.
You didn't know any spells.
Your spell library contained the following spells:

 Spells                   Type           Power      Damage    Failure   Level
 Shock                    Conj/Air       12%        1d3       26%         1
 Blink                    Tloc           6%         N/A       36%         2
 Lesser Beckoning         Tloc           6%         N/A       36%         2
 Momentum Strike          Conj/Tloc      6%         3d8       36%         2
 Gell's Gravitas          Tloc           3%         N/A       61%         3
 Swiftness                Air            3%         N/A       61%         3
 Teleport Other           Tloc           3%         N/A       61%         3
 Airstrike                Air            1%         2d(1-17)  95%         4


Dungeon Overview and Level Annotations

Branches:
Dungeon (10/15)            Temple (1/1) D:7
   Lair: D:8-11         Orc: D:9-12

Altars:
Ashenzari
Cheibriados
Dithmenos
Elyvilon
Fedhas
Gozag
Hepliaklqana
Kikubaaqudgha
Makhleb
Nemelex Xobeh
Okawaru
Qazlal
Ru
Sif Muna
Trog
Vehumet
Wu Jian
Xom
Yredelemnul
Zin
The Shining One

Shops:
D:1 *

Annotations:
D:1 exclusion: downstairs
D:5 1 runed translucent door
D:6 exclusion: 2 downstairs
D:7 2 transporters, Seven7's ghost, novice MiFi
D:10 Erolcha


Message History

Gozag says: Greed is good.
Press ? for a list of commands and other information.
Found a gateway leading deeper into the Abyss.
You plunge deeper into the Abyss.
The abyssal rune of Zot can be found at this depth.
You hear a chilling moan.
Unknown command.
Something misses you.
Deactivating autopickup; reactivate with Ctrl-A.
You hit something. You miss something. Something hits you!
You feel your power leaking away.
You closely miss something. You hit something. Something hits you.
You feel your power leaking away.
You hit something but do no damage. You miss something. Something hits you!
You hit something. You miss something. Something hits you.
You closely miss something. You miss something. Something hits you!!
You hit something. You burn something. You hit something. You burn something.
Something hits you but does no damage.
You miss something.
It was a potion of attraction.
You feel attractive to monsters. Something hits you!
You feel your power leaking away.
It was a potion of magic.
Magic courses through your body. Something hits you!!
* * * LOW HITPOINT WARNING * * *
You feel your power leaking away.
It was a potion of heal wounds.
You feel much better. Something hits you!!
* * * LOW HITPOINT WARNING * * *
You feel your power leaking away.
You feel much better. Something hits you!!
* * * LOW HITPOINT WARNING * * *
You feel much better. Something hits you!
You barely miss something. Something hits you!!
You die...
Your body crumbles into a pile of gold.

#. ... .## ... ..#
#. #... .. #
..##..####.# .#
..#.#......#. .. .
...........#.# . .
..#.. ....#@.#. .
.
...#..#...{.......
#
.#.##.............
........#....#####
.# #.#..........#
.. # ##..........#
...
##.#..#.......# #.
....#.#......# # .
# .. .# .... #


There were no monsters in sight!

Vanquished Creatures
  A komodo dragon (D:9)
  2 hornets
  Grinder (D:5)
  A wyvern (D:9)
  Eustachio (D:5)
  5 yaks (D:9)
  2 steam dragons
  Menkaure (D:7)
  4 acid dragons
  A water moccasin (D:5)
  4 sky beasts
  A black bear (D:6)
  2 orc warriors
  4 ogres
  4 centaurs
  A phantom (D:7)
  A small abomination (Abyss:2)
  A bullfrog (D:6)
  A necrophage (D:7)
  2 gnoll sergeants
  2 scorpions
  9 wights
  4 killer bees (D:9)
  10 howler monkeys
  3 crimson imps (D:9)
  Crazy Yiuf (D:3)
  5 hounds
  6 orc priests
  A sleepcap (D:6)
  4 iguanas
  Natasha (twice) (D:3)
  8 orc wizards
  A hound skeleton (D:7)
  17 gnolls
  6 adders
  3 shadow imps (D:4)
  5 white imps
  8 ufetubi
  3 worms (D:2)
  2 dart slugs
  27 orcs
  13 ball pythons
  4 bats
  7 endoplasms
  4 giant cockroaches
  9 goblins
  8 hobgoblins
  2 jackals (D:1)
  3 quokkas
  3 frilled lizards
  A goblin zombie (D:5)
  9 kobolds
  A kobold zombie (D:5)
  6 rats
237 creatures vanquished.

Vanquished Creatures (collateral kills)
  A white imp (D:4)
  3 orcs (D:6)
4 creatures vanquished.

Vanquished Creatures (others)
  A wyvern (D:6)
  An orc warrior (D:9)
  2 quasits (D:4)
  A butterfly (D:8)
5 creatures vanquished.

Grand Total: 246 creatures vanquished

Notes
Turn   | Place    | Note
-------+----------+-------------------------------------------
     0 | D:1      | H0rd4k the Human Artificer began the quest for the Orb.
     0 | D:1      | Reached XP level 1. HP: 15/15 MP: 1/1
   158 | D:1      | Reached XP level 2. HP: 12/21 MP: 2/2
   205 | D:1      | Found Kiodaumn's Assorted Antiques.
   570 | D:1      | Reached XP level 3. HP: 6/26 MP: 3/3
   999 | D:1      | Reached skill level 1 in Maces & Flails
  1385 | D:2      | Found a faded altar of an unknown god.
  1385 | D:2      | Noticed a red devil
  1500 | D:2      | Reached XP level 4. HP: 31/32 MP: 4/4
  1523 | D:2      | Found a broken altar of Ashenzari.
  2148 | D:3      | Identified the +8 dagger of Blood-Lust {flame, rF+ Str+3}
  2445 | D:3      | Reached XP level 5. HP: 31/38 MP: 5/5
  2602 | D:3      | Noticed Natasha
  2615 | D:3      | Killed Natasha
  2978 | D:3      | Found a runed translucent door.
  2979 | D:3      | Noticed Crazy Yiuf
  3014 | D:3      | Reached skill level 1 in Short Blades
  3014 | D:3      | Reached XP level 6. HP: 39/46 MP: 6/6
  3203 | D:3      | Noticed Natasha
  3212 | D:3      | Killed Natasha
  3335 | D:3      | HP: 1/46 [Crazy Yiuf/+4 quarterstaff of chaos (5)]
  3336 | D:3      | Killed Crazy Yiuf
  3660 | D:4      | Reached skill level 2 in Short Blades
  3797 | D:4      | Reached XP level 7. HP: 17/52 MP: 7/7
  4055 | D:4      | Reached skill level 3 in Short Blades
  4490 | D:5      | Entered Level 5 of the Dungeon
  4579 | D:5      | Noticed Grinder
  4582 | D:5      | Paralysed by Grinder for 5 turns
  4639 | D:5      | Noticed a water moccasin
  4650 | D:5      | Killed a water moccasin
  4651 | D:5      | Reached skill level 4 in Short Blades
  4651 | D:5      | Reached XP level 8. HP: 49/60 MP: 8/8
  4785 | D:5      | Killed Grinder
  4861 | D:5      | Noticed Eustachio
  4879 | D:5      | Killed Eustachio
  4880 | D:5      | Reached skill level 5 in Dodging
  4922 | D:5      | Reached skill level 5 in Short Blades
  5200 | D:5      | Found a runed translucent door.
  5201 | D:5      | Noticed a human
  5204 | D:5      | Found a basalt altar of Yredelemnul.
  5321 | D:5      | Found an opulent altar of Gozag.
  5456 | D:5      | Found a stormy altar of Qazlal.
  5658 | D:6      | Reached XP level 9. HP: 64/67 MP: 9/9
  5825 | D:6      | Reached skill level 5 in Fighting
  5838 | D:6      | Reached skill level 6 in Short Blades
  5985 | D:6      | Found a broken altar of Ashenzari.
  6209 | D:6      | Found a blossoming altar of Fedhas.
  6521 | D:6      | Upgraded the game from 0.30.1-5-ged363bc7ee to
                  | 0.30.1-6-gbe392663c4
  6530 | D:7      | Noticed a moth of wrath
  6552 | D:6      | Reached skill level 7 in Short Blades
  6626 | D:7      | Found a burning altar of Makhleb.
  6732 | D:7      | Reached skill level 5 in Evocations
  6751 | D:7      | Reached skill level 1 in Spellcasting
  7049 | D:7      | Reached XP level 10. HP: 11/76 MP: 10/12
  7049 | D:7      | Noticed Menkaure
  7256 | D:7      | Killed Menkaure
  7258 | D:7      | Found a transporter.
  7435 | D:7      | Found the +3 pair of seven-league boots {Rampage+∞}
  7452 | D:7      | Found a transporter.
  7463 | D:7      | Noticed Seven7's ghost (novice MiFi)
  7517 | D:7      | Reached skill level 8 in Short Blades
  7703 | D:7      | Found a staircase to the Ecumenical Temple.
  7791 | Temple   | Entered the Ecumenical Temple
  8032 | D:5      | Became a worshipper of Gozag Ym Sagoz the Greedy
  8374 | D:8      | Found a white marble altar of Elyvilon.
  9081 | D:8      | Identified the +1 pair of gloves of the Hippo {+Blink +Inv
                  | Regen+ Dex-3}
  9351 | D:9      | Identified the +3 ring mail of Rihen {+Blink rPois Stlth-}
  9372 | D:9      | Noticed a komodo dragon
  9382 | D:9      | Killed a komodo dragon
  9448 | D:9      | Found an ancient bone altar of Kikubaaqudgha.
  9533 | D:10     | Entered Level 10 of the Dungeon
  9716 | D:9      | Found a snail-covered altar of Cheibriados.
  9926 | D:9      | Reached skill level 9 in Short Blades
  9978 | D:9      | Found a shimmering blue altar of Sif Muna.
 10073 | D:9      | Reached XP level 11. HP: 84/84 MP: 16/16
 10326 | D:9      | Found a shimmering altar of Xom.
 10551 | D:9      | Identified a scroll of acquirement
 10551 | D:9      | Acquired the staff of air "Tutell" {rElec Str+4 Int+3}
 10686 | D:10     | Found an iron altar of Okawaru.
 10725 | D:10     | Noticed Erolcha
 10779 | Abyss:2  | Cast into level 2 of the Abyss (Erolcha)
 10782 | Abyss:2  | Found a shimmering blue altar of Sif Muna.
 10870 | Abyss:3  | Slain by a lorocyproca

Illustrated notes

Levels and vault maps discovered:
D:1:      matt_arrival_grand_opening, layout_basic, serial_shops, shop,
          minmay_hexomino_u4
D:2:      minmay_alternating_diamond, layout_rooms, basic_altar,
          dreamdust_ecumenical_altar_sealed_demon, minivault_27
D:3:      layout_loops_corners, uniq_crazy_yiuf_cottage, uniq_natasha
D:4:      layout_gridville, serial_demonic, serial_demonic_e, serial_demonic_g,
          serial_demonic_f, serial_demonic_g, serial_demonic_g,
          serial_demonic_b, serial_demonic_b, serial_demonic_g,
          serial_demonic_d, serial_demonic_e
D:5:      layout_loops_ring, dk_yredelemnul_ordeal,
          nicolae_gozag_cash_rules_everything_around_me,
          nicolae_qazlal_eye_of_the_storm, corexii_leaking_fountain,
          corexii_checkpoint_a, uniq_grinder, uniq_eustachio
D:6:      layout_cave_pools, amcnicky_altar_gilded,
          mainiacjoe_overflow_alcove_2, serial_park_tiny_2,
          kennysheep_generic_room_7
D:7:      layout_rooms, makhleb_blood_cavern_becter, temple_doors_e,
          gammafunk_ghost_berserking_beasts, uniq_menkaure
D:8:      layout_basic, nicolae_elyvilon_peaceful_grove, nicolae_hexahallways
D:9:      layout_roguey, led_xom_imps, led_sif_book,
          mainiacjoe_overflow_tiny_flanked, lemuel_doored_altar, serial_glass,
          glass_columns_b, glass_columns_a
D:10:     layout_long_grid, okawaru_gym_becter, nicolae_uskayaw_dance_studio,
          enter_trove_1, uniq_erolcha
Temple:   chequers_temple_sunken
Abyss:3:  base: D:4, evilmike_abyss_exit_13

Skill      XL: |  1  2  3  4  5  6  7  8  9 10 11 |
---------------+----------------------------------+-----
Maces & Flails | 1 |  1.7
Evocations     | 4 5 |  5.5
Fighting       | 2 3 4 6 7 |  7.8
Dodging        | 2 3 4 5 6 7 8 |  8.1
Short Blades   | 1 2 4 5 7 9 |  9.7
Spellcasting   | 1 3 4 |  4.5
Stealth        | 2 |  2.5
Armour         | |  2.0

Action                     |  1- 3 |  4- 6 |  7- 9 | 10-12 || total
---------------------------+-------+-------+-------+-------++-------
  Melee: Club              |   166 |    53 |       |       ||   219
         Punch             |     4 |     2 |     3 |     3 ||    12
         Dagger            |       |   130 |   284 |   394 ||   808
  Evoke: Wand              |     9 |     5 |     9 |    13 ||    36
    Use: Scroll            |       |       |       |     7 ||     7
         Potion            |       |       |       |     5 ||     5
   Stab: Sleeping          |     2 |     2 |       |       ||     4
 Armour: Leather armour    |    41 |    74 |    84 |    14 ||   213
         Ring mail         |       |       |       |    38 ||    38
  Dodge: Dodged            |   121 |   130 |   152 |   187 ||   590
